 Dungeon Crawl Stone Soup version 0.19.0-18-g426998a (webtiles) character file.

94 dysrexia the Changer (level 4, 0/42 HPs)
             Began as an Octopode Transmuter on Nov 12, 2016.
             Succumbed to Ijyb's poison
             ... on level 2 of the Dungeon.
             The game lasted 00:05:23 (1796 turns).

dysrexia the Changer (Octopode Transmuter)          Turns: 1796, Time: 00:05:23

Health: 0/42       AC: 22    Str:  9    XL:     4   Next: 63%
Magic:  7/7        EV:  2    Int: 20    God:
Gold:   138        SH:  0    Dex: 13    Spells: 3 memorised, 1 level left

rFire  . . .     SeeInvis .       - Unarmed
rCold  . . .     Gourm    .     (no shield)
rNeg   + + +     Faith    .     (helmet currently unavailable)
rPois  +         Spirit   .     (no amulet)
rElec  .         Reflect  .     (no ring)
rCorr  .         Harm     .     (no ring)
MR     .....     NoTele   +     (no ring)
Stlth  +.........               (no ring)
                                (no ring)
                                (no ring)
                                (no ring)
                                (no ring)

@: brilliant, lethally poisoned (0 -> -8), exhausted, tree-form, very slightly
contaminated, slowed, invisible, very slow
A: almost no armour, stealthy swim, (amphibious), 8 rings, (constrict 8),
(camouflage 0), (poison resistance), (gelatinous body 0)
a: no special abilities


You were on level 2 of the Dungeon.
You were not hungry.
You were a tree.
You visited 1 branch of the dungeon, and saw 2 of its levels.

You collected 138 gold pieces.

Inventory:

Missiles
 a - 46 arrows
 i - 10 poisoned needles
Jewellery
 n - an uncursed ring of magical power {unknown}
Scrolls
 g - a scroll of fear {unknown}
 k - a scroll of immolation {unknown}
 m - 3 scrolls of identify {unknown}
 p - a scroll of remove curse {unknown}
 r - a scroll of teleportation {unknown}
 s - a scroll of enchant weapon {unknown}
Potions
 j - a potion of lignification
 q - a potion of cancellation {unknown}
Books
 b - a book of Changes

   Spells                             Type                      Level
   a - Beastly Appendage              Transmutation                1
   b - Sticks to Snakes               Transmutation                2
   c - Spider Form                    Transmutation/Poison         3
   d - Ice Form                       Ice/Transmutation            4
   e - Blade Hands                    Transmutation                5
Comestibles
 c - 2 bread rations
 f - 2 meat rations
 h - 2 fruits
 t - 9 chunks of flesh


   Skills:
 - Level 1.0 Fighting
 - Level 2.0 Dodging
 + Level 3.6 Unarmed Combat
 - Level 2.0 Spellcasting
 * Level 4.1 Transmutations
 + Level 0.5 Poison Magic


You had one spell level left.
You knew the following spells:

 Your Spells              Type           Power        Failure   Level  Hunger
a - Beastly Appendage     Tmut           ####..       1%          1    #......
b - Sticks to Snakes      Tmut           ####....     1%          2    ##.....
c - Spider Form           Tmut/Pois      ###.......   2%          3    ###....


Dungeon Overview and Level Annotations

Branches:
Dungeon (2/15)

Altars:
Qazlal


Innate Abilities, Weirdness & Mutations

You cannot wear most types of armour.
You are very stealthy in the water. (Stealth+)
((You are amphibious.))
You can wear up to eight rings at the same time.
((You can use your tentacles to constrict eight enemies at once.))
((Your skin changes colour to match your surroundings (Stealth+).))
((Your rubbery body absorbs attacks. (AC +1, EV +1)))
((Your system is resistant to poisons. (rPois)))


Message History

It was a potion of berserk rage.
A red film seems to cover your vision as you go berserk!
You feel yourself moving faster!
You feel mighty!
* * * LOW HITPOINT WARNING * * *
You feel sick.
You are too berserk!
You cannot move.
You feel a strong urge to attack something.
* * * LOW HITPOINT WARNING * * *
You feel sick.
You feel your anger subside.
* * * LOW HITPOINT WARNING * * *
You feel sick.
You are no longer berserk.
You are exhausted.
You feel yourself slow down.
It was a potion of beneficial mutation.
You feel resistant to poisons.
You feel fantastic!
You die...

....#########
#8.....8# #.###
####.. #.......#
#.####>.... #
#8.....8# #......#
#.#.......# #....###
#.#8.....8# #.##.##
#..(......# ..##..#
#.......# #####.#
#)####### ...##.# #♣#
##.##.##### #)#
#........# ##.#
#####.##.# #..#
#.##.#####.######
####.................
#..........##.######.
# #.####.##)###.#
###.# #.##...#.#


There were no monsters in sight!

Vanquished Creatures
  Ijyb (D:2)
  An adder (D:2)
  A dart slug (D:2)
  2 leopard geckos (D:2)
  3 bats
  3 giant cockroaches (D:2)
  10 goblins
  4 hobgoblins
  15 jackals
  A kobold (D:1)
  2 frilled lizards
  4 rats (D:2)
47 creatures vanquished.

Notes
Turn   | Place    | Note
-------+----------+-------------------------------------------
     0 | D:1      | dysrexia the Octopode Transmuter began the quest for the Orb.
     0 | D:1      | Reached XP level 1. HP: 13/13 MP: 3/3
   192 | D:1      | Reached XP level 2. HP: 16/18 MP: 3/5
   387 | D:1      | Reached skill level 3 in Transmutations
   698 | D:2      | Learned a level 2 spell: Sticks to Snakes
   738 | D:2      | Reached XP level 3. HP: 18/23 MP: 6/6
  1608 | D:2      | Learned a level 3 spell: Spider Form
  1645 | D:2      | Reached XP level 4. HP: 23/28 MP: 5/7
  1664 | D:2      | Found a stormy altar of Qazlal.
  1759 | D:2      | Noticed Ijyb
  1788 | D:2      | Killed Ijyb
  1788 | D:2      | Reached skill level 4 in Transmutations
  1790 | D:2      | HP: 2/42 [poisoned by Ijyb]
  1796 | D:2      | Gained mutation: Your system is resistant to poisons. (rPois) [potion of beneficial mutation]
  1796 | D:2      | Succumbed to Ijyb's poison

Skill      XL: |  1  2  3  4 |
---------------+-------------+-----
Transmutations | 3 4 |  4.1
Fighting       | |  1.0
Dodging        | |  2.0
Unarmed Combat | |  3.6
Spellcasting   | |  2.0
Poison Magic   | |  0.5

Action                   |  1- 3 |  4- 6 || total
-------------------------+-------+-------++-------
Melee: Unarmed           |    76 |    22 ||    98
       Constrict         |    26 |     3 ||    29
       Kick              |    14 |     2 ||    16
       Tentacles         |    12 |     3 ||    15
       Punch             |     1 |     2 ||     3
 Cast: Beastly Appendage |    14 |     2 ||    16
  Use: Potion            |       |     5 ||     5
 Stab: Sleeping          |     3 |       ||     3
  Eat: Chunk             |     2 |     1 ||     3
Armor: Skin              |     7 |     1 ||     8
Dodge: Dodged            |    40 |     7 ||    47
